 Dungeon Crawl Stone Soup version bcrawl-1.28.5 (webtiles) character file.

Game seed: 3640325698244484997

99462 qwitwa the Charlatan (level 3, 0/27 HPs)
             Began as a Sand Dwarf Spelunker on Jan 25, 2021.
             Was an Initiate of Hepliaklqana.
             Succumbed to a worker ant's poison
             ... on level 3 of the Dungeon.
             The game lasted 00:03:50 (1941 turns).

qwitwa the Charlatan (Sand Dwarf Spelunker)         Turns: 1941, Time: 00:03:51

Health: 0/27       AC:  9    Str: 16    XL:     3   Next: 87%
Magic:  6/6        EV:  6    Int: 12    God:    Hepliaklqana [......]
Gold:   115        SH:  4    Dex: 11    Spells: 3/6 levels left

rFire    . . .     SeeInvis .   a - +0 flail
rCold    . . .     Gourm    .   t - +0 buckler
rNeg     . . .     Faith    .   m - +0 chain mail
rPois    .         Spirit   .   (no helmet)
rElec    .         Reflect  .   (no cloak)
rCorr    .         Harm     .   (no gloves)
MR       .....                  c - +0 pair of boots
Stlth    ..........             (no amulet)
HPRegen  0.09/turn              (no ring)
MPRegen  0.10/turn              (no ring)

@: lethally poisoned (0 -> -11), slow
A: small, reduced essence, slowness 1, armour attunement
a: Recall Ancestor, Ancestor Identity, Renounce Religion


You were on level 3 of the Dungeon.
You worshipped Hepliaklqana.
Hepliaklqana was noncommittal.
You were hungry.

You visited 1 branch of the dungeon, and saw 3 of its levels.

You collected 115 gold pieces.

Inventory:

Hand Weapons
 a - a +0 flail (weapon)
 l - a +0 club
 v - a +1 dagger
Missiles
 n - 290 stones (quivered)
 x - 2 throwing nets {=f}
Armour
 b - a +0 leather armour
 c - a +0 pair of boots (worn)
 m - a +0 chain mail (worn)
 t - a +0 buckler (worn)
Wands
 d - a wand of digging (10)
Scrolls
 f - a scroll of noise
 h - 10 scrolls of identify
 j - a scroll of remove curse {unknown}
 p - a scroll of blinking {unknown}
 r - 2 scrolls of immolation {unknown}
 s - a scroll of enchant armour {unknown}
 u - a scroll of enchant weapon {unknown}
 y - a scroll of teleportation {unknown}
Potions
 i - a potion of might {unknown}
 k - a potion of curing {unknown}
 o - 3 potions of magic {unknown}
 q - a potion of resistance {unknown}
 w - a potion of mutation {unknown}
 z - a potion of lignification {unknown}
Miscellaneous
 g - a lamp of fire (inert)
Comestibles
 e - 3 rations {!d}


   Skills:
 * Level 3.0 Fighting
 - Level 1.7 Short Blades
 * Level 1.7 Maces & Flails
 * Level 1.4 Armour
 - Level 2.6 Stealth
 - Level 2.0 Spellcasting
 - Level 1.5 Hexes
 - Level 1.6 Transmutations
 - Level 2.5 Earth Magic
 * Level 3.4 Evocations


You had 3 spell levels left.
You knew the following spells:

 Your Spells              Type           Power        Failure   Level  Hunger
a - Corona                Hex            #......      52%         1    None
b - Passwall              Tmut/Erth      #.......     58%         2    ##.....
Your spell library was empty.

Dungeon Overview and Level Annotations

Branches:
Dungeon (3/12)

Altars:
Hepliaklqana
Okawaru
Xom

Annotations:
D:2 1 runed door


Innate Abilities, Weirdness & Mutations

You are small and have problems with some larger weapons.
You cover ground slowly.
Armour does not affect your spellcasting.
Your life essence is reduced to manifest your ancestor. (-10% HP)


Message History

You barely miss the worker ant.
The worker ant is almost dead.
* * * LOW HITPOINT WARNING * * *
You feel sick.
A quokka comes into view.
You block the worker ant's attack.
Zulima hits the orc.
The orc dies!
The worker ant barely misses you.
The quokka moves out of view.
Okay, then.
Evoke which item? (* to show all) (? for menu, Esc to quit)
Aim the lamp in which direction?
Press: ? - help, Dir - move target cursor, f - adder
Aim: an adder The flames dance!
The trail of fire hits the worker ant!
You kill the worker ant!
Your ancestor moves out of the way.
The trail of fire hits the orc!
You kill the orc!
The trail of fire hits the adder!
The adder is almost dead.
You die...

....... ##########
.......########........#
......oo.....##........#
.....S.oR###...........#
.......#o.S###.....^...#
......####§R##....)....#
#.###o ##§##.........# S
# ####§#..........#
..##...@...........#
........###..#######
.....##.<.......#
#....###........#
.###............#
......#........#
.........).....#
.........).....#
....#####..#####


You could see the friendly Zulima the ancestor and an adder.

Vanquished Creatures
  A worker ant (D:3)
  An adder (D:3)
  An ooze (D:3)
  A worm (D:1)
  A dart slug (D:1)
  A leopard gecko (D:1)
  An orc (D:3)
  A giant cockroach (D:1)
  3 goblins
  A hobgoblin (D:3)
  4 kobolds
  2 quokkas
  A ball python (D:1)
  4 bats
  2 frilled lizards
  2 rats (D:1)
27 creatures vanquished.

Vanquished Creatures (collateral kills)
  2 orcs (D:3)
  A goblin (D:3)
  A hobgoblin (D:3)
4 creatures vanquished.

Grand Total: 31 creatures vanquished

Notes
Turn   | Place    | Note
-------+----------+-------------------------------------------
     0 | D:1      | qwitwa the Sand Dwarf Spelunker began the quest for the
                  | Orb.
     0 | D:1      | Reached XP level 1. HP: 18/18 MP: 3/3
   280 | D:1      | Reached XP level 2. HP: 25/25 MP: 5/5
  1095 | D:2      | Found an iron altar of Okawaru.
  1107 | D:2      | Reached skill level 1 in Maces & Flails
  1107 | D:2      | Reached XP level 3. HP: 28/30 MP: 6/6
  1173 | D:2      | Reached skill level 1 in Armour
  1369 | D:2      | Found a shimmering altar of Xom.
  1370 | D:2      | Found a hazy altar of Hepliaklqana.
  1370 | D:2      | Noticed a spectral ugly thing
  1371 | D:2      | Noticed a spectral ugly thing
  1371 | D:2      | Noticed a spectral ugly thing
  1445 | D:2      | Found a runed door.
  1612 | D:2      | Became a worshipper of Hepliaklqana the Forgotten
  1940 | D:3      | HP: 1/27 [poisoned by a worker ant]
  1941 | D:3      | Succumbed to a worker ant's poison

Skill      XL: |  1  2  3 |
---------------+----------+-----
Evocations     | 3 |  3.4
Maces & Flails | 1 |  1.7
Armour         | 1 |  1.4
Fighting       | 3 |  3.0
Short Blades   | |  1.7
Stealth        | |  2.6
Spellcasting   | |  2.0
Hexes          | |  1.5
Transmutations | |  1.6
Earth Magic    | |  2.5

Action                   || total
-------------------------++-------
Melee: Dagger            ||    26
       Club              ||    91
       Flail             ||    35
Throw: Stone             ||     1
Evoke: Lamp of fire      ||     1
 Stab: Sleeping          ||     1
  Eat: Chunk             ||     4
       Ration            ||     1
Armor: Leather armour    ||     2
       Chain mail        ||    70
Dodge: Dodged            ||    86
Block: Buckler           ||     8
